Map: Dusk Towers

Players

nisezou - Winner!

  • Race: Protoss Protoss
  • League: Diamond

Matrix

  • Race: Zerg Zerg
  • League: Master

VOD

Have the link to the VOD?

Description

Time

  • Played on: Feb. 14, 2016, 10:18 p.m.
  • Length: 15:37
Show
View Real Time Build Order
Export as new Build Order

nisezou Protoss - Winner!

Build Orders: 1 Gate Expand 

Get SALT Encoding   

  12  0:01  Probe (Chrono Boost)  
  13  0:11  Probe (Chrono Boost)  
  14  0:18  Pylon  
  14  0:22  Probe (Chrono Boost)  
  15  0:36  Probe (Chrono Boost)  
  15  0:37  Gateway  
  16  0:46  Probe (Chrono Boost)  
  17  0:57  Probe (Chrono Boost)  
  18  1:08  Probe (Chrono Boost)  
  19  1:15  Nexus  
  19  1:21  Probe (Chrono Boost)  
  20  1:32  Cybernetics Core  
  20  1:34  Assimilator  
  20  1:38  Assimilator  
  20  1:44  Probe (Chrono Boost)  
  21  1:50  Pylon  
  21  1:55  Probe (Chrono Boost)  
  22  2:05  Probe (Chrono Boost)  
  25  2:08  Adept (Chrono Boost)  
  25  2:16  Warp Gate  
  25  2:17  Probe  
  26  2:26  Probe  
  26  2:29  Probe (Chrono Boost)  
  28  2:37  Probe (Chrono Boost)  
  28  2:41  Probe (Chrono Boost)  
  30  2:46  Stalker  
  30  2:48  Probe (Chrono Boost)  
  33  2:52  Probe (Chrono Boost)  
  33  2:58  Gateway  
  34  2:59  Probe (Chrono Boost)  
  34  3:00  Gateway  
  34  3:03  Mothership Core (Chrono Boost)  
  37  3:10  Probe (Chrono Boost)  
  38  3:17  Sentry  
  40  3:20  Probe (Chrono Boost)  
  40  3:22  Probe (Chrono Boost)  
  42  3:28  Assimilator  
  42  3:31  Pylon, Probe (Chrono Boost)  
  42  3:32  Assimilator  
  42  3:33  Probe (Chrono Boost)  
  45  3:41  Probe (Chrono Boost)  
  45  3:43  Probe (Chrono Boost)  
  46  3:51  Pylon  
  46  3:52  Probe (Chrono Boost)  
  46  3:54  Probe (Chrono Boost)  
  48  4:02  Probe (Chrono Boost)  
  53  4:10  Stargate  
  53  4:11  Stargate  
  53  4:16  Probe (Chrono Boost)  
  50  4:17  Pylon  
  50  4:22  Sentry x2  
  55  4:24  Probe (Chrono Boost)  
  55  4:28  Probe (Chrono Boost)  
  56  4:34  Probe (Chrono Boost)  
  57  4:38  Probe (Chrono Boost)  
  57  4:43  Adept  
  60  4:48  Nexus  
  60  4:49  Pylon  
  60  4:52  Probe (Chrono Boost)  
  61  4:55  Phoenix x2 (Chrono Boost)  
  61  4:58  Probe  
  64  5:04  Probe  
  65  5:10  Adept x2  
  69  5:14  Pylon  
  69  5:15  Pylon  
  69  5:28  Nexus  
  69  5:31  Phoenix (Chrono Boost)  
  69  5:32  Phoenix (Chrono Boost)  
  72  5:36  Probe  
  72  5:38  Probe  
  74  5:47  Fleet Beacon  
  74  5:48  Probe  
  75  5:51  Pylon  
  75  5:52  Pylon, Phoenix (Chrono Boost)  
  75  5:54  Phoenix (Chrono Boost)  
  79  5:58  Probe  
  79  6:01  Sentry  
  83  6:11  Probe  
  83  6:14  Gateway  
  83  6:16  Gateway  
  87  6:20  Gateway  
  87  6:30  Probe x2  
  89  6:34  Carrier (Chrono Boost)  
  89  6:35  Carrier (Chrono Boost)  
  93  7:14  Graviton Catapult (Chrono Boost)  
  93  7:16  Zealot  
  93  7:17  Zealot x4  
  103  7:35  Zealot  
  105  7:42  Zealot x4  
  113  7:47  Pylon  
  113  7:48  Pylon  
  113  7:50  Pylon  
  113  7:51  Pylon  
  125  8:06  Carrier (Chrono Boost)  
  125  8:07  Carrier (Chrono Boost)  
  125  8:08  Twilight Council  
  125  8:09  Zealot, Probe  
  125  8:10  Zealot x5  
  138  8:18  Probe  
  139  8:20  Probe  
  139  8:25  Assimilator x2  
  140  8:30  Zealot  
  140  8:31  Zealot x2  
  140  8:33  Probe  
  147  8:36  Charge (Chrono Boost)  
  147  8:44  Probe  
  148  8:54  Pylon  
  148  9:02  Gateway x2  
  148  9:04  Gateway  
  148  9:11  Gateway  
  148  9:14  Zealot x3  
  154  9:33  Pylon  
  154  9:34  Pylon  
  154  9:36  Templar Archives  
  154  9:44  Robotics Facility  
  154  9:51  Pylon  
  166  9:53  Carrier (Chrono Boost)  
  172  10:00  Carrier (Chrono Boost)  
  172  10:12  High Templar  
  172  10:13  High Templar x3  
  180  10:17  Archon x2  
  180  10:19  Nexus  
  180  10:20  Pylon  
  180  10:21  Pylon x2  
  180  10:26  Forge  
  180  10:27  Forge  
  180  10:31  Observer  
  181  10:38  Stargate  
  181  10:43  Zealot x4  
  181  10:44  Zealot x2  
  193  10:52  Pylon  
  193  10:54  Warp Prism  
  195  11:01  Protoss Air Weapons Level 1  
  195  11:05  Zealot  
  195  11:10  Probe  
  195  11:11  Protoss Ground Weapons Level 1 (Chrono Boost)  
  198  11:12  Protoss Ground Armor Level 1 (Chrono Boost)  
  198  11:14  Psionic Storm  
  198  11:24  Stargate  
  198  11:30  Probe  
  199  11:51  Gateway  
  199  11:53  Gateway  
  199  11:55  Gateway x2  
  199  11:59  Gateway  
  199  12:00  Stargate  
  199  12:03  Pylon  
  197  12:22  Carrier  
  189  12:23  Carrier  
  189  12:26  Zealot  
  189  12:27  Zealot x3  
  187  12:51  Zealot x4  
  187  12:52  Zealot x2  
  199  13:02  Assimilator x2  
  195  13:16  Zealot  
  195  13:17  Zealot  
  199  13:43  Probe  
  199  14:18  Nexus, Anion Pulse-Crystals  
  199  14:20  Pylon  
  199  14:22  Pylon  
  199  14:23  Pylon  
  199  14:25  Assimilator  
  199  14:29  Pylon, Assimilator  
  199  14:34  Pylon  
Show
View Real Time Build Order
Export as new Build Order

Matrix Zerg 

Build Orders: Hatch First 

Get SALT Encoding   

  12  0:00  Drone  
  13  0:08  Drone  
  14  0:17  Overlord  
  14  0:35  Drone x3  
  17  0:46  Drone  
  18  0:56  Hatchery  
  17  0:58  Drone  
  17  1:02  Extractor  
  17  1:14  Spawning Pool  
  17  1:16  Drone  
  17  1:20  Drone  
  18  1:29  Drone  
  19  1:39  Overlord  
  19  2:01  Queen  
  19  2:02  Drone x2  
  19  2:08  Metabolic Boost, Queen  
  23  2:12  Drone  
  23  2:15  Drone  
  27  2:20  Zergling x2  
  29  2:22  Zergling x2  
  29  2:34  Drone  
  29  2:35  Drone  
  31  2:44  Drone x2  
  33  2:54  Drone  
  33  2:56  Hatchery, Evolution Chamber  
  32  2:59  Overlord  
  32  3:09  Overlord  
  32  3:10  Queen  
  34  3:14  Overlord  
  34  3:19  Zergling x2  
  35  3:20  Zergling x4  
  35  3:25  Drone x3  
  40  3:30  Drone x2  
  42  3:41  Pneumatized Carapace  
  42  3:44  Drone x4  
  46  3:56  Overlord x2  
  46  3:59  Drone  
  46  4:00  Drone x2  
  46  4:01  Extractor  
  48  4:07  Roach Warren  
  48  4:08  Drone  
  48  4:09  Drone x2  
  50  4:14  Queen  
  52  4:20  Drone x3  
  52  4:21  Drone  
  56  4:30  Drone  
  56  4:31  Drone x5  
  62  4:34  Extractor  
  62  4:37  Spore Crawler  
  60  4:40  Spore Crawler  
  60  4:41  Spore Crawler  
  60  4:45  Overlord  
  57  4:58  Lair  
  57  4:59  Drone x4  
  63  5:00  Extractor, Drone x4  
  63  5:05  Drone x4  
  67  5:08  Extractor  
  67  5:13  Drone x2  
  68  5:14  Zerg Missile Weapons Level 1  
  68  5:20  Extractor  
  67  5:24  Spore Crawler  
  67  5:26  Overlord x2  
  66  5:28  Drone x2  
  65  5:45  Hatchery  
  65  5:48  Drone x2  
  65  5:49  Drone x3  
  69  5:51  Hatchery  
  69  5:55  Spore Crawler  
  69  5:57  Drone x4  
  68  6:01  Zergling x12  
  77  6:11  Drone  
  77  6:12  Drone x2  
  77  6:13  Overlord x3  
  80  6:20  Overlord x2  
  80  6:22  Hydralisk Den  
  80  6:23  Drone x2  
  81  6:25  Drone  
  81  6:26  Drone  
  81  6:29  Spore Crawler  
  80  6:36  Queen  
  80  6:39  Zergling x10  
  87  6:41  Spore Crawler  
  87  6:42  Overlord  
  84  6:50  Zergling x2  
  84  6:51  Zergling x12  
  87  7:03  Muscular Augments  
  87  7:04  Queen  
  87  7:11  Queen  
  89  7:16  Drone x2  
  89  7:21  Glial Reconstitution, Zerg Missile Weapons Level 2  
  91  7:24  Drone x2  
  91  7:29  Hydralisk  
  92  7:30  Hydralisk x7  
  92  7:32  Nydus Network  
  102  7:40  Drone x2  
  102  7:41  Evolution Chamber  
  100  7:45  Spore Crawler  
  100  7:47  Spore Crawler  
  98  7:51  Hydralisk x3  
  98  7:52  Hydralisk x3  
  108  7:58  Hydralisk  
  108  7:59  Infestation Pit, Hydralisk  
  109  8:06  Drone  
  109  8:10  Overlord x3  
  109  8:11  Drone x2  
  112  8:14  Zerg Melee Weapons Level 1  
  112  8:16  Hydralisk x2  
  116  8:22  Drone x2  
  118  8:29  Spore Crawler  
  118  8:33  Overseer  
  117  8:35  Lurker Den  
  117  8:40  Spine Crawler  
  116  8:41  Spine Crawler  
  116  8:45  Spire, Drone x2  
  116  8:47  Hydralisk x4  
  124  8:53  Drone  
  124  8:54  Hydralisk  
  124  8:55  Hydralisk  
  129  9:00  Burrow  
  129  9:02  Hydralisk x2  
  132  9:10  Spire  
  132  9:14  Extractor  
  132  9:15  Extractor  
  129  9:18  Spore Crawler  
  129  9:20  Hive  
  129  9:21  Spore Crawler, Drone  
  129  9:22  Drone  
  129  9:23  Spore Crawler  
  129  9:24  Spore Crawler  
  127  9:40  Drone x9  
  127  9:41  Drone  
  137  9:50  Hatchery  
  137  9:52  Drone x5  
  141  9:54  Spore Crawler  
  141  9:57  Spore Crawler  
  137  10:02  Spore Crawler x2, Drone  
  137  10:03  Drone x5  
  137  10:06  Zerg Flyer Weapons Level 1  
  140  10:23  Spore Crawler x2  
  138  10:29  Spore Crawler  
  138  10:32  Spore Crawler  
  138  10:33  Viper x3  
  138  10:34  Viper x3, Spore Crawler  
  153  10:36  Spore Crawler  
  153  10:37  Spore Crawler  
  153  10:39  Spore Crawler  
  153  10:40  Zerg Flyer Armor Level 1  
  153  10:42  Zerg Melee Weapons Level 2  
  148  10:44  Zerg Missile Weapons Level 3  
  148  10:50  Spore Crawler  
  148  10:51  Spore Crawler  
  146  11:01  Drone x4  
  146  11:02  Drone x6  
  146  11:03  Spore Crawler  
  155  11:15  Spore Crawler  
  154  11:18  Drone  
  154  11:19  Spore Crawler, Drone x9  
  154  11:21  Overlord  
  163  11:26  Spore Crawler  
  163  11:29  Spore Crawler  
  161  11:35  Corruptor  
  161  11:37  Overlord x3  
  161  11:39  Extractor  
  162  11:40  Extractor  
  162  11:41  Spore Crawler  
  162  11:45  Ultralisk Cavern  
  162  11:46  Corruptor  
  159  11:49  Drone x2  
  159  11:50  Drone  
  164  12:00  Zerg Flyer Weapons Level 2  
  164  12:04  Corruptor x2  
  164  12:06  Corruptor  
  164  12:08  Corruptor x2  
  170  12:12  Spore Crawler  
  170  12:15  Spore Crawler  
  172  12:18  Corruptor x2  
  172  12:20  Overseer x2  
  168  12:25  Corruptor x2  
  168  12:27  Zergling x2  
  147  12:32  Corruptor  
  147  12:34  Zergling x6  
  147  12:35  Zergling x2  
  139  12:41  Zergling x12  
  139  12:42  Zergling x2  
  143  12:49  Roach x4  
  130  13:01  Roach x5  
  116  13:13  Roach  
  116  13:14  Roach x4  
Tags
 
Add a new tag
Caveats
  • Supply blocks, unpowered buildings, or Contaminate may cause inaccurate times.
  • Supply counts are checked every 10 seconds.